 Dungeon Crawl Stone Soup version 0.29-a0-270-g1586fc07ea (webtiles) character file.

Game seed: 10896244506619427566

122 spaghetti the Magician (level 4, -1/52 HPs)
             Began as a Demigod Arcane Marksman on Mar 7, 2022.
             Succumbed to a scorpion's poison
             ... on level 3 of the Dungeon.
             The game lasted 00:05:51 (4036 turns).

spaghetti the Magician (Demigod Arcane Marksman)    Turns: 4036, Time: 00:05:51

Health: -1/52      AC: 22    Str:  9 (11) XL:     4   Next: 50%
Magic:  11/11      EV:  2    Int: 17 (19) God:
Gold:   173        SH:  0    Dex: 12 (14) Spells: 3/9 levels left

rFire   + . .      SeeInvis .   a - +0 war axe (vorpal) {axe}
rCold   + . .      Faith    .   (no shield)
rNeg    . . .      Spirit   .   (body armour currently unavailable)
rPois   +          Reflect  .   (helmet currently unavailable)
rElec   +          Harm     .   (cloak currently unavailable)
rCorr   +          Rampage  .   (gloves currently unavailable)
Will    .....      NoTele   +   (boots currently unavailable)
Stlth   +.........              (no amulet)
HPRegen 0.17/turn               (no ring)
MPRegen 0.12/turn               (no ring)

@: lethally poisoned (-1 -> -6), tree-form, resistant, attractive
A: stationary, stasis, torment immunity, boosted hp, high MP 1, forlorn, divine
attributes
a: no special abilities


You were on level 3 of the Dungeon.
You were a tree.
You visited 1 branch of the dungeon, and saw 3 of its levels.

You collected 173 gold pieces.


Innate Abilities, Weirdness & Mutations

You are a tree.
Your roots penetrate the ground, keeping you stationary.
You cannot be teleported.
You are immune to unholy pain and torment.
Your maximum health is greatly increased.
Your equipment is partially melded.
You have an increased reservoir of magic. (+10% MP)
You shall have no god before yourself.
Your divine heritage dramatically boosts your attributes as you level up.


   Skills:
 + Level 1.1 Fighting
 - Level 3.0 Crossbows
 - Level 1.7 Dodging
 - Level 3.1 Spellcasting
 - Level 2.6 Hexes


You had 3 spell levels left.
You knew the following spells:

 Your Spells              Type           Power      Damage    Failure   Level
a - Slow                  Hex            44%        N/A       6%          1
b - Inner Flame           Hex/Fire       7%         N/A       30%         3
c - Wereblood             Tmut           2%         N/A       26%         2

Your spell library contained the following spells:

 Spells                   Type           Power      Damage    Failure   Level
 Beastly Appendage        Tmut           4%         N/A       17%         1
 Sublimation of Blood     Necr           2%         N/A       26%         2
 Portal Projectile        Hex/Tloc       14%        N/A       30%         3
 Spider Form              Tmut/Pois      2%         N/A       45%         3
 Cause Fear               Hex            5%         N/A       50%         4
 Blade Hands              Tmut           1%         N/A       99%         5
 Excruciating Wounds      Necr           1%         N/A       99%         5
 Summon Hydra             Summ           1%         N/A       100%        7

Inventory:

Hand Weapons
 a - a +0 vorpal war axe (weapon) {axe}
   (You found it on level 1 of the Dungeon)
 b - a +0 hand crossbow {crossbow}
 d - a +1 dagger of draining {short}
   (You took it off a goblin on level 3 of the Dungeon)
 f - a +0 hunting sling {sling}
   (You found it on level 1 of the Dungeon)
Missiles
 i - 2 poisoned darts {throwing}
 k - 131 stones {throwing}
 l - 5 javelins {throwing}
Armour
 e - a +0 plate armour (melded)
   (You found it on level 1 of the Dungeon)
 j - a +0 robe
Scrolls
 c - a scroll of vulnerability {!r!r}
 g - 4 scrolls of teleportation {@r4}
 m - a scroll of enchant weapon {unknown}
 n - 2 scrolls of identify {unknown}
 q - a scroll of fog {unknown}
 r - a scroll of amnesia {unknown}

Dungeon Overview and Level Annotations

Branches:
Dungeon (3/15)

#.# #.....
#####.##..........
######
#.....#_..#......#.._
#.
#.######............#
#. #.# #...#....#...#
#. #.# ###..........#
#. #.# #.#...#).#...#
#. #.# #.##........#
#. #.# #.##_..♣..._#
#. #.# #.#####''####
#. #.#####.###.....#
#. #...............#
#.
#######.####....###
#. #..<.......... #.
############## #. #.
##


There were no monsters in sight!


Message History

You are too injured to fight recklessly!
You are too injured to fight recklessly!
You are too injured to fight recklessly!
You are too injured to fight recklessly!
You are too injured to fight recklessly!
You are too injured to fight recklessly!
You are too injured to fight recklessly!
Really attack while wielding your +0 hand crossbow {crossbow}? [Y]es or [N]o only, please.
Really attack while wielding your +0 hand crossbow {crossbow}?
Okay, then.
a - a +0 vorpal war axe (weapon)
{axe} You are too injured to fight recklessly!
You closely miss the jackal. You hit the jackal.
You kill the jackal!
The jackal bites you but does no damage. x2
You barely miss the jackal.
The jackal bites you but does no damage. x2
You hit the jackal.
The jackal bites you but does no damage. x3 😕 HP[+1]
You slash the jackal!
You kill the jackal!
A scorpion is nearby!
A scorpion is nearby!
b - a +0 hand crossbow (weapon)
{crossbow} You shoot a bolt.
The bolt hits the scorpion but does no damage.
You shoot a bolt. The bolt hits the scorpion.
You shoot a bolt. The bolt barely misses the scorpion.
The scorpion stings you.
The scorpion stings you but does no damage.
The scorpion stings you. 😮 HP[-6]
You take 6 damage, and now have 21/35 hp.
a - a +0 vorpal war axe (weapon)
{axe} The scorpion stings you. 😮 HP[-1]
You take 1 damage, and now have 20/35 hp.
You closely miss the scorpion.
The scorpion stings you but does no damage.
The scorpion stings you. 😮 HP[-2]
You take 2 damage, and now have 18/35 hp.
You closely miss the scorpion. The scorpion completely misses you.
You hit the scorpion.
The scorpion stings you but does no damage. x2
You barely miss the scorpion. The scorpion stings you.
* * * LOW HITPOINT WARNING * * *
You are poisoned.
The scorpion poisons you!
The scorpion stings you but does no damage. 😨 HP[-2]
You take 2 damage, and now have 16/35 hp.
It was a potion of resistance.
You feel protected.
You feel very sick.
The scorpion stings you but does no damage. 😨 HP[-2]
You take 2 damage, and now have 14/35 hp.
It was a potion of lignification.
You turn into a tree.
Your +0 plate armour melds into your body.
Your roots penetrate the ground.
You feel sick.
The scorpion stings you but does no damage. 😨 HP[+5]
You now have 52 max hp (+17).
You regained 5 hp, and now have 19/52 hp.
You hit the scorpion but do no damage.
You feel very sick.
The scorpion stings you but does no damage. x2 😨 HP[-3]
You take 3 damage, and now have 16/52 hp.
You hit the scorpion but do no damage.
You feel sick.
The scorpion stings you but does no damage. x2 😨 HP[-1]
You take 1 damage, and now have 15/52 hp.
You closely miss the scorpion.
You feel sick.
The scorpion stings you but does no damage.
The scorpion stings you!
* * * LOW HITPOINT WARNING * * *
You are lethally poisoned!
The scorpion poisons you! 😱 HP[-9]
You take 9 damage, and now have 6/52 hp.
It was a potion of attraction.
You feel attractive to monsters.
* * * LOW HITPOINT WARNING * * *
You feel sick.
The scorpion barely misses you. 😱 HP[-2]
You take 2 damage, and now have 4/52 hp.
You slash the scorpion!
* * * LOW HITPOINT WARNING * * *
You feel very sick.
The scorpion stings you but does no damage.
The scorpion stings you.
* * * LOW HITPOINT WARNING * * *
😱 HP[-3]
You take 3 damage, and now have 1/52 hp.
You hit the scorpion.
You kill the scorpion!
You die...

Skill      XL: |  1  2  3  4 |
---------------+-------------+-----
Crossbows      | 2 3 |  3.0
Spellcasting   | 3 |  3.1
Fighting       | 1 |  1.1
Dodging        | |  1.7
Hexes          | |  2.6

Action                   |  1- 3 |  4- 6 || total
-------------------------+-------+-------++-------
Melee: Unarmed           |    13 |       ||    13
       War axe           |    62 |    14 ||    76
       Punch             |     1 |       ||     1
 Fire: Hand crossbow     |   104 |    20 ||   124
 Cast: Slow              |     3 |       ||     3
  Use: Scroll            |     1 |       ||     1
       Potion            |       |     6 ||     6
Armor: Plate armour      |   150 |    84 ||   234
       Robe              |     3 |       ||     3
       Skin              |       |     7 ||     7
Dodge: Dodged            |    30 |     3 ||    33

Levels and vault maps discovered:
D:1:      lemuel_arrival_tunnels, layout_loops_ring
D:2:      layout_loops_cross, basic_ecumenical_altar, skrybe_limestone_x
D:3:      minmay_general_purpose_star, layout_basic, minmay_overflow_temple_hex,
          minmay_bisected

Notes
Turn   | Place    | Note
-------+----------+-------------------------------------------
     0 | D:1      | spaghetti the Demigod Arcane Marksman began the quest for
                  | the Orb.
     0 | D:1      | Reached XP level 1. HP: 15/15 MP: 4/4
     0 | D:1      | magus.rc [v1.9.6]
    84 | D:1      | Reached skill level 2 in Crossbows
   116 | D:1      | You pick up a book of Weapons and begin reading...
   116 | D:1      | You add the spells Excruciating Wounds and Blade Hands to
                  | your library.
   425 | D:1      | Reached XP level 2. HP: 15/22 MP: 5/5
  1016 | D:1      | Reached skill level 3 in Crossbows
  1545 | D:2      | Reached XP level 3. HP: 23/27 MP: 7/7
  1550 | D:2      | Learned a level 3 spell: Inner Flame
  2069 | D:3      | Reached skill level 2 in Spellcasting
  2291 | D:3      | You pick up a book of Changes and begin reading...
  2291 | D:3      | You add the spells Beastly Appendage, Wereblood and Spider
                  | Form to your library.
  2926 | D:3      | Reached skill level 3 in Spellcasting
  2926 | D:3      | Reached XP level 4. HP: 31/34 MP: 9/11
  3034 | D:3      | Learned a level 2 spell: Wereblood
  3062 | D:3      | HP: 8/34 [poisoned by a scorpion]
  3340 | D:3      | You pick up a book of Blood and begin reading...
  3340 | D:3      | You add the spells Sublimation of Blood and Summon Hydra to
                  | your library.
  3412 | D:3      | Reached skill level 1 in Fighting
  4033 | D:3      | HP: 13/52 [poisoned by a scorpion]
  4033 | D:3      | HP: 6/52 [scorpion (7)]
  4035 | D:3      | HP: 2/52 [poisoned by a scorpion]
  4036 | D:3      | Succumbed to a scorpion's poison

Vanquished Creatures
  A scorpion (D:3)
  A howler monkey (D:3)
  2 adders
  2 dart slugs (D:1)
  A worm (D:3)
  An orc (D:3)
  6 endoplasms
  A giant cockroach (D:1)
  8 goblins
  7 hobgoblins
  6 jackals
  4 kobolds
  5 ball pythons
  2 bats (D:3)
  A frilled lizard (D:1)
  6 rats
54 creatures vanquished.

Table legend:
 A = Non-vault XP
 B = Vault XP
 C = Vault XP percentage of total XP
 D = Non-vault monster count
 E = Vault monster count
 F = Vault count percentage of total count
                 A         B        C        D         E       F
            +---------+---------+-------+---------+---------+-------
      Total |     241 |      17 |   6.6 |      45 |       9 |  16.7
            +---------+---------+-------+---------+---------+-------
        D:1 |      42 |       0 |   0.0 |      22 |       0 |   0.0
        D:2 |      24 |       0 |   0.0 |       7 |       0 |   0.0
        D:3 |     175 |      17 |   8.9 |      16 |       9 |  36.0
            +---------+---------+-------+---------+---------+-------

Illustrated notes

Table legend:
 A = Kills in this place as a percentage of kills in entire the game.
 B = Kills by you in this place as a percentage of kills by you in the entire game.
 C = Kills by friends in this place as a percentage of kills by friends in the entire game.
 D = Other kills in this place as a percentage of other kills in the entire game.
 E = Experience gained in this place as a percentage of experience gained in the entire game.
 F = Experience gained in this place divided by the number of levels of this place that you have seen.
                   A       B       C       D       E      F
               +-------+-------+-------+-------+-------+----------------------
         Total | 100.0 | 100.0 |   N/A |   N/A | 100.0 |  86.0
       Dungeon | 100.0 | 100.0 |   N/A |   N/A | 100.0 |  86.0
               +-------+-------+-------+-------+-------+----------------------

Table legend: (Time is in decaauts)
 A = Elapsed time spent in this place.
 B = Non-inter-level travel time spent in this place.
 C = Inter-level travel time spent in this place.
 D = Time resting spent in this place.
 E = Time spent auto-exploring this place.
 F = Levels seen in this place.
 G = Mean time per level.
                   A        B        C        D        E       F      G
               +--------+--------+--------+--------+--------+-----+--------+
         Total |   4205 |   4151 |     54 |    809 |   2770 |   3 | 1401.7 |
       Dungeon |   4205 |   4151 |     54 |    809 |   2770 |   3 | 1401.7 |
               +--------+--------+--------+--------+--------+-----+--------+

Top non-repeatable levels by time:
     D:3: 1765 daAuts
     D:1: 1351 daAuts
     D:2: 1089 daAuts
